 Dungeon Crawl Stone Soup version 0.29-a0-577-gafbf2c5d25 (webtiles) character file.

Game seed: 4620788126339117818

4 wingedge the Grasshopper (level 1, -1/16 HPs)
             Began as a Demonspawn Warper on June 13, 2022.
             Hit by a stone thrown by a hobgoblin (3 damage)
             ... on level 1 of the Dungeon.
             The game lasted 00:01:51 (58 turns).

wingedge the Grasshopper (Demonspawn Warper)          Turns: 58, Time: 00:01:52

Health: -1/16      AC:  3    Str: 11    XL:     1   Next: 50%
Magic:  3/3        EV: 11    Int: 14    God:
Gold:   0          SH:  0    Dex: 12    Spells: 4/4 levels left

rFire   . . .      SeeInvis .   a - +0 falchion
rCold   . . .      Faith    .   (no shield)
rNeg    . . .      Spirit   .   b - +0 leather armour
rPois   .          Reflect  .   (no helmet)
rElec   .          Harm     .   (no cloak)
rCorr   .          Rampage  .   (no gloves)
Will    .....                   (no boots)
Stlth   +.........              (no amulet)
HPRegen 0.05/turn               (no ring)
MPRegen 0.08/turn               (no ring)

@: no status effects
A: no striking features
a: no special abilities


You were on level 1 of the Dungeon.
You visited 1 branch of the dungeon, and saw 1 of its levels.

Inventory:

Hand Weapons
 a - a +0 falchion (weapon)
Missiles
 d - 5 boomerangs of dispersal (quivered)
 f - 35 stones
Armour
 b - a +0 leather armour (worn)
Potions
 e - a potion of heal wounds {unknown}


   Skills:
 + Level 2.0 Fighting
 + Level 1.8 Long Blades
 + Level 1.0 Throwing
 - Level 1.0 Armour
 + Level 1.8 Dodging
 + Level 2.0 Spellcasting
 + Level 2.7 Translocations


You had 4 spell levels left.
You didn't know any spells.
Your spell library contained the following spells:

 Spells                   Type           Power      Damage    Failure   Level
 Blink                    Tloc           18%        N/A       16%         2
 Gell's Gravitas          Tloc           9%         N/A       30%         3
 Lesser Beckoning         Tloc           9%         N/A       30%         3
 Teleport Other           Tloc           9%         N/A       30%         3
 Poisonous Vapours        Pois/Air       2%         N/A       43%         2
 Corpse Rot               Necr/Pois/Air  1%         N/A       97%         4
 Manifold Assault         Tloc           9%         N/A       95%         5


Dungeon Overview and Level Annotations

Branches:
Dungeon (1/15)

Altars:


Message History

You hit the hobgoblin.
The hobgoblin is moderately wounded.
The hobgoblin barely misses you.
You closely miss the hobgoblin.
The hobgoblin is moderately wounded.
The hobgoblin closely misses you.
You barely miss the hobgoblin.
The hobgoblin is moderately wounded.
The hobgoblin hits you. The hobgoblin barely misses you.
You hit the hobgoblin but do no damage.
The hobgoblin is moderately wounded.
The hobgoblin hits you.
You hit the hobgoblin.
The hobgoblin is heavily wounded.
The hobgoblin completely misses you.
You hit the hobgoblin.
The hobgoblin is severely wounded.
The hobgoblin hits you.
* * * LOW HITPOINT WARNING * * *
Blink to where?
Press: ? - help, Dir - move target
As you read the scroll of blinking, it crumbles to dust.
Throw: 7 boomerangs (disperse)
Press: ? - help, Q - select action, (/) - cycle Shift-Dir - straight line, f - hobgoblin
Aim: a hobgoblin, quivering stones (translocational energy, severely wounded, 57% to hit)
You throw a boomerang of dispersal.
The boomerang of dispersal hits the hobgoblin.
The hobgoblin blinks!
You kill the hobgoblin!
Training target 1.0 for Armour reached!
Training target 1.0 for Throwing reached!
Your Throwing skill increases to level 1!
Your Armour skill increases to level 1!
Throw: 6 boomerangs (disperse)
Press: ? - help, Q - select action, (/) - cycle Shift-Dir - straight line, f - hobgoblin
Aim: a hobgoblin, quivering stones (57% to hit)
You throw a boomerang of dispersal.
The boomerang of dispersal hits the hobgoblin but does no damage.
The hobgoblin throws a stone.
The stone hits you.
You die...

###+### #####
###8#8+8###
##≈..###.........##
#≈≈..##...........##
#≈...#@............#
+≈...'8.....<(......
#≈§..##............#
#≈§..##...........##
##§..###...g.....##
##### ####8'8####
##'## ... .....


You could see a hobgoblin.

Vanquished Creatures
  2 goblins (D:1)
  A hobgoblin (D:1)
3 creatures vanquished.

Notes
Turn   | Place    | Note
-------+----------+-------------------------------------------
     0 | D:1      | wingedge the Demonspawn Warper began the quest for the Orb.
     0 | D:1      | Reached XP level 1. HP: 16/16 MP: 3/3
    58 | D:1      | Reached skill level 1 in Throwing
    58 | D:1      | Reached skill level 1 in Armour
    58 | D:1      | Hit by a stone thrown by a hobgoblin

Illustrated notes

Levels and vault maps discovered:
D:1:      dpeg_arrival_morbid_curiosity, layout_basic,
          chequers_ecumenical_altar_simple_redux

Skill      XL: |  1 |
---------------+----+-----
Throwing       | 1 |  1.0
Armour         | 1 |  1.0
Fighting       | |  2.0
Long Blades    | |  1.8
Dodging        | |  1.8
Spellcasting   | |  2.0
Translocations | |  2.7

Action                   || total
-------------------------++-------
Melee: Falchion          ||    17
Throw: Boomerang         ||     2
  Use: Scroll            ||     1
Armor: Leather armour    ||     5
Dodge: Dodged            ||    10

Table legend: (Time is in decaauts)
 A = Elapsed time spent in this place.
 B = Non-inter-level travel time spent in this place.
 C = Inter-level travel time spent in this place.
 D = Time resting spent in this place.
 E = Time spent auto-exploring this place.
 F = Levels seen in this place.
 G = Mean time per level.
                   A        B        C        D        E       F      G
               +--------+--------+--------+--------+--------+-----+--------+
         Total |     61 |     61 |      0 |      0 |      9 |   1 |   61.0 |
       Dungeon |     61 |     61 |      0 |      0 |      9 |   1 |   61.0 |
               +--------+--------+--------+--------+--------+-----+--------+

Top non-repeatable levels by time:
     D:1: 61 daAuts
